Danei, chaotic female human Rogue ----------- |.........| ########################################### |.........| # #---------------------------------# |.>.......|### #|.|..|..|.......|..|..-..|..|...|############## |.........|# #|.|..|.....-....[..-..|..|..|...|# ----------- -.-------.-# #|.-|--|.----....--|-------|--...|# #..........| ####### ### #........)..)....................|# ###|.........| # ##|.----------.......----------...|# # |<........| ### ### |.|..|..|..|......{|....|%! |....######-.........| # # |.-..|..-..|.......-....|%%.|...| ----------- ## # |.--------|-.......|.(_.|!%.|...| --------|-- # |.............{....|....|%%.-...| |.........+###### |.-|-----+-------.----------|...| |.......... # |.|....| |(((.|.|....|((((|...| |.........| ### |.|.?=!| |(((.-.|....|(@m(|...| |.........| # |.|/!.[| |((..|.)....|@...|...| |.........| ##..---------------.------|----...| |.........| |...............................| ----------- --------------------------------- Danei the Rogue Experience level: 7 Strength: 12 Dexterity: 18 Constitution: 16 Intelligence: 12 Wisdom: 11 Charisma: 8 Health: 0(56) Energy: 27(27) AC: 4 Gold: 473 Moves: 3356 Your Inventory: Coins $ - 473 gold pieces Weapons a - a blessed rusty +1 short sword (weapon in hand) b - 8 uncursed +0 daggers Armor c - an uncursed +1 leather armor (being worn) g - an [uncursed] +0 iron skull cap [orcish helm] (being worn) u - a cursed +0 dwarvish cloak of fumbling (being worn) v - an [uncursed] +0 pair of hard shoes [iron] (being worn) Comestibles A - an [uncursed] food ration F - 2 [uncursed] food rations Potions d - an uncursed potion of sickness h - an uncursed potion of levitation j - a [blessed] clear potion [of holy water] w - a [blessed] potion of levitation Rings o - an uncursed ring of protection from shape changers s - a blessed +1 ring of gain constitution x - a cursed ring of free action Wands y - an uncursed wand of polymorph (0:6) Tools e - an uncursed lock pick f - an uncursed sack Spells known in the end: Name Level Category Fail Memory Your skills at the end: Fighting Skills Weapon Skills dagger [Skilled / Expert] short sword [Basic / Expert] Spellcasting Skills Final Attributes: You were piously aligned. Hunger level was 902. Your alignment was 26 / 26. Monster difficulty range was 1 - 7. Level difficulty was 7. You fumbled. You were stealthy. You were held by a giant mimic. Your luck was zero. You are dead. Vanquished creatures: a spotted jelly a dingo a water nymph a shrieker a violet fungus 5 gnome lords 3 gnomish wizards a red naga hatchling a guardian naga hatchling a kitten 6 dwarves a kobold shaman 2 dwarf zombies 4 coyotes 2 hobbits 2 manes a large kobold a hobgoblin 2 giant rats a cave spider a brown mold 2 green molds 27 gnomes 3 garter snakes a gecko 3 jackals a kobold 6 goblins 2 sewer rats 2 grid bugs 3 lichens a kobold zombie 8 newts 98 creatures vanquished. Voluntary challenges: You used a wielded weapon 166 times. You read items or engraved 14 times. You put on armor 4 times. You never genocided any monsters. You never polymorphed an object. You never changed form. You used no wishes. You wrote Elbereth's name 9 times. You never encountered a bones level. You never used any Sokoban shortcuts. Dungeon overview: The Dungeons of Doom: levels 1 to 4 Level 1 a fountain a long staircase Level 2 an armor shop Level 4 stairs to The Gnomish Mines The Gnomish Mines: levels 5 to 7 Level 5 stairs to The Dungeons of Doom Level 7 <- You were here many shops, a temple, a magic chest, some fountains History has recorded: On T:1 you entered the Dungeons of Doom to retrieve the Amulet of Yendor! On T:232 you advanced to experience level 2. On T:422 you reached level 2 of The Dungeons of Doom. On T:563 you advanced to experience level 3. On T:840 you reached level 3 of The Dungeons of Doom. On T:1007 you advanced to experience level 4. On T:1256 you reached level 4 of The Dungeons of Doom. On T:1271 you reached level 1 of The Gnomish Mines. On T:1324 you advanced to experience level 5. On T:1714 you advanced to experience level 6. On T:2295 you reached level 2 of The Gnomish Mines. On T:2376 you advanced to experience level 7. On T:2832 you reached level 3 of The Gnomish Mines. Latest messages: You hear the chime of a cash register. [2 turns] "Hello, Danei! Welcome to Kediri's delicatessen!" You trip over your own feet. You make a lot of noise! [2 turns] The watchman blocks your way. [HP+1=33] [HP+1=34] [HP+1=35] The door opens. "Hello, Danei! Welcome to Hyeghu's hardware store!" You flounder. You make a lot of noise! [2 turns] [HP+1=36] You see here a leash (26 zorkmids). You see here a lock pick (26 zorkmids). Wait! That's a giant mimic! The giant mimic hits! (2x) [HP-33=3] You cannot escape from the giant mimic! (2x) [HP+1=4] You cannot escape from the giant mimic! (2x) The giant mimic hits! You die... Hyeghu gratefully inherits all your possessions. Final status: Goodbye Danei the Rogue... You died in The Gnomish Mines on dungeon level 7 with 2968 points, and 473 pieces of gold, after 3356 moves. You were level 7 with a maximum of 56 hit points when you died.